 Dungeon Crawl Stone Soup version 0.31-a0-232-gb1c03b2570 (webtiles) character file.

Game seed: 3840594537497216522

193 Ijustatesigmund the Stinger (level 5, -1/33 HPs)
             Began as an Octopode Venom Mage on July 7, 2023.
             Slain by an orc
             ... wielding a +0 short sword
              (3 damage)
             ... on level 4 of the Dungeon.
             The game lasted 00:03:49 (3213 turns).

Ijustatesigmund the Stinger (Octopode Venom Mage)   Turns: 3213, Time: 00:03:50

Health: -1/33      AC:  1    Str:  7    XL:     5   Next: 72%
Magic:  15/18      EV: 13    Int: 19    God:
Gold:   246        SH:  0    Dex: 13    Spells: 0/10 levels left

rFire   . . .        f - +1 long sword (holy)
rCold   . . .        (no shield)
rNeg    . . .        (helmet restricted)
rPois   .            (no amulet)
rElec   .            i - ring of magical power
rCorr   .            (no ring)
SInv    .            (no ring)
Will    .....        (no ring)
Stlth   +++          (no ring)
HPRegen 0.25/turn    (no ring)
MPRegen 0.16/turn    (no ring)
                     (no ring)

%: no passive effects
@: invisible
A: almost no armour, amphibious, 8 rings, camouflage 1, gelatinous body 1,
(nimble swimmer 1), tentacles
a: no special abilities


You were on level 4 of the Dungeon.
You visited 1 branch of the dungeon, and saw 4 of its levels.

You collected 246 gold pieces.

Inventory:

Hand Weapons
 f - a +1 long sword of holy wrath (weapon)
 g - a +0 long sword
Jewellery
 i - a ring of magical power (left tentacle)
Potions
 a - a potion of magic
 b - a potion of heal wounds {unknown}
 c - a potion of lignification {unknown}
 d - a potion of brilliance {unknown}
 e - 2 potions of invisibility


   Skills:
 - Level 1.0 Fighting
 - Level 2.0 Dodging
 - Level 2.6 Stealth
 + Level 3.2 Spellcasting
 + Level 2.0 Conjurations
 - Level 1.0 Transmutations
 + Level 2.2 Air Magic
 + Level 4.9 Poison Magic


You couldn't memorise any spells.
You knew the following spells:

 Your Spells              Type           Power      Damage    Failure   Level
a - Sting                 Tmut/Pois      56%        1d5       4%          1
b - Poisonous Vapours     Pois/Air       32%        N/A       5%          2
c - Mephitic Cloud        Conj/Pois/Air  14%        N/A       13%         3
d - Olgreb's Toxic Radia  Pois           21%        N/A       19%         4

Your spell library contained the following spells:

 Spells                   Type           Power      Damage    Failure   Level
 Spider Form              Tmut/Pois      14%        N/A       13%         3
 Ensorcelled Hibernation  Hex/Ice        6%         N/A       22%         2
 Anguish                  Hex/Necr       1%         N/A       83%         4
 Malign Gateway           Summ/Tloc      1%         N/A       100%        7
 Summon Horrible Things   Summ           1%         N/A       100%        8


Dungeon Overview and Level Annotations

Branches:
Dungeon (4/15)
 Temple: D:4-7

Altars:
Fedhas
Zin

Shops:
D:2 :


Innate Abilities, Weirdness & Mutations

You cannot wear most types of armour.
You are amphibious.
You can wear up to eight rings at the same time.
Your skin changes colour to match your surroundings (Stealth+).
Your rubbery body absorbs attacks. (AC +1, EV +1)
((You are camouflaged when in or above water. (Stealth+)))
You have tentacles for arms and can constrict up to eight enemies at once.


Message History

Poisonous vapours surround the orc!
The orc is poisoned.
The orc shouts!
You hear a shout! x2; You hear an angry hiss.
Casting: Poisonous Vapours (safe; 5% risk of failure)
Confirm with . or Enter, or press ? or * to list all spells.
Aiming: Poisonous Vapours (safe; 5% risk of failure)
Press: ? - help, Dir - move target, f/p - orc
Aim: an orc, wielding a +0 dagger (lightly wounded, poisoned) Poisonous vapours surround the orc!
The orc looks even sicker.
An orc comes into view. It is wielding a +0 trident.
You slash the orc!
You kill the orc!
An orc priest comes into view. It is wielding a +0 short sword.
An orc and an orc priest come into view.
The orc hits you from afar with a +0 trident.
Things that are here:
a +0 dagger; an orc corpse You barely miss the orc.
The orc shouts!
The orc priest shouts!
You grab the orc. You constrict the orc.
You hear an angry hiss.
The orc hits you but does no damage.
The orc priest looks satisfied for a moment.
The orc hits you with a +0 trident.
You slash the orc!
You kill the orc!
An adder comes into view.
The orc hits you with a +0 short sword.
Your Conjurations skill increases to level 2!
The orc attacks as you move away! The orc hits you with a +0 short sword.
The orc priest mumbles some strange prayers to Beogh against you.
Pain shoots through your body!
The orc priest calls down the wrath of Beogh upon you.
Beogh smites you!
* * * LOW HITPOINT WARNING * * *
Things that are here:
a +0 dagger; an orc corpse It was a potion of invisibility.
You fade into invisibility!
The orc hits you with a +0 short sword.
You die...

..............
............#
..........#
....S...#
#.......##... .
#........#.... ...
#....# ....^.
....##.ooo##......
#...@##..<.....
.....#............
.... #............
....##..#.........
........##..#....
.........#..##...
....#.......#...
....#..<.†.......
..........##.....


You could see 2 orc priests, an adder (unable to see you) and an orc (unable to
see you).

Vanquished Creatures
  Jessica (D:3)
  Terence (D:2)
  An iguana (D:3)
  5 adders
  A worm (D:4)
  3 dart slugs
  6 orcs
  6 endoplasms
  A giant cockroach (D:3)
  6 goblins
  7 hobgoblins
  2 quokkas
  10 ball pythons
  5 bats
  2 frilled lizards (D:2)
  3 rats
60 creatures vanquished.

Notes
Turn   | Place    | Note
-------+----------+-------------------------------------------
     0 | D:1      | Ijustatesigmund the Octopode Venom Mage began the quest for
                  | the Orb.
     0 | D:1      | Reached XP level 1. HP: 11/11 MP: 3/3
   333 | D:1      | Reached XP level 2. HP: 15/18 MP: 5/5
   467 | D:1      | Reached skill level 1 in Fighting
   615 | D:1      | Learned a level 2 spell: Poisonous Vapours
   707 | D:1      | Reached skill level 4 in Poison Magic
  1038 | D:2      | Reached XP level 3. HP: 23/23 MP: 3/6
  1044 | D:2      | Learned a level 3 spell: Mephitic Cloud
  1169 | D:2      | Reached skill level 1 in Air Magic
  1636 | D:2      | Reached XP level 4. HP: 20/28 MP: 8/8
  1860 | D:2      | Reached skill level 1 in Conjurations
  1897 | D:2      | Found Qorenau's Book Boutique.
  2189 | D:2      | Noticed Terence
  2202 | D:2      | Killed Terence
  2304 | D:3      | Noticed Jessica
  2308 | D:3      | Killed Jessica
  2309 | D:3      | Reached XP level 5. HP: 30/33 MP: 9/9
  2374 | D:3      | Found a blossoming altar of Fedhas.
  2534 | D:3      | Learned a level 4 spell: Olgreb's Toxic Radiance
  2864 | D:3      | Found a glowing silver altar of Zin.
  3213 | D:4      | Slain by an orc

Illustrated notes

Levels and vault maps discovered:
D:1:      lightli_molten_gateway, layout_loops_ring
D:2:      minmay_inner_zag, layout_loops_ring, serial_shops, shop, uniq_terence
D:3:      layout_rooms, mainiacjoe_overflow_small_starburst,
          mainiacjoe_overflow_24_doors, nicolae_the_louvre, uniq_jessica
D:4:      layout_cave_pools, minmay_manual_mess

Skill      XL: |  1  2  3  4  5 |
---------------+----------------+-----
Fighting       | 1 |  1.0
Poison Magic   | 4 |  4.9
Air Magic      | 1 2 |  2.2
Conjurations   | 1 2 |  2.0
Spellcasting   | 3 |  3.2
Dodging        | |  2.0
Stealth        | |  2.6
Transmutations | |  1.0

Action                     |  1- 3 |  4- 6 || total
---------------------------+-------+-------++-------
  Melee: Unarmed           |    32 |       ||    32
         Constrict         |    15 |    13 ||    28
         Tentacles         |    13 |     8 ||    21
         Long sword        |    28 |    42 ||    70
         Punch             |     1 |       ||     1
   Cast: Sting             |     7 |       ||     7
         Poisonous Vapours |    11 |    32 ||    43
    Use: Scroll            |       |     3 ||     3
         Potion            |       |     1 ||     1
   Stab: Sleeping          |     8 |     1 ||     9
 Armour: Skin              |     6 |     1 ||     7
  Dodge: Dodged            |    36 |    32 ||    68

Table legend: (Time is in decaauts)
 A = Elapsed time spent in this place.
 B = Non-inter-level travel time spent in this place.
 C = Inter-level travel time spent in this place.
 D = Time resting spent in this place.
 E = Time spent auto-exploring this place.
 F = Levels seen in this place.
 G = Mean time per level.
                   A        B        C        D        E       F      G
               +--------+--------+--------+--------+--------+-----+--------+
         Total |   3238 |   3152 |     86 |    559 |   2212 |   4 |  809.5 |
       Dungeon |   3238 |   3152 |     86 |    559 |   2212 |   4 |  809.5 |
               +--------+--------+--------+--------+--------+-----+--------+

Top non-repeatable levels by time:
     D:2: 1362 daAuts
     D:1: 957 daAuts
     D:3: 865 daAuts
     D:4: 53 daAuts
